AoeStats
← Gcoli4599

Arabia

506757535Analyzed
1v1 RM · 18d ago on Sep 15, 2026· 42m 35s· 2 players
Game mode
Random Map
Map size
Tiny (2 player)
Population
200
Speed
Normal
Resources
Standard
Victory
Conquest
Starting age
Dark Age
Ending age
Imperial Age
RankedLock teamsTeams togetherTeam positionsShared explorationLock speedFull tech treeHidden civsTurbo modeCheats
Victory
Defeat
🇺🇸 Mongols · United States
565
+17
🇦🇷 Franks · Argentina
590
-17
BenJAMMIN7732
0:37 Loom
10:31 Feudal Age
12:01 Double-Bit Axe
22:31 Castle Age
21:58 Scale Mail Armor
24:26 Wheelbarrow
23:30 Pikeman
24:40 Bow Saw
25:46 Horse Collar
28:19 Heavy Plow
29:25 Thumb Ring
29:37 Light Cavalry
34:18 Thumb Ring
35:33 Bloodlines
35:25 Husbandry
Gcoli4599
4:05 Loom
12:09 Feudal Age
14:15 Wheelbarrow
13:26 Town Watch
21:48 Arson
21:24 Man-at-Arms
22:03 Double-Bit Axe
27:08 Castle Age
26:10 Gold Mining
26:16 Stone Mining
28:54 Scale Barding Armor
28:49 Scale Mail Armor
29:00 Forging
28:40 Fletching
28:51 Padded Archer Armor
33:10 Hand Cart
32:55 Town Patrol
33:49 Padded Archer Armor
33:34 Crossbowman
33:35 Elite Skirmisher
34:16 Pikeman
34:57 Squires
36:16 Town Patrol
36:51 Ballistics
36:27 Murder Holes
44:47 Imperial Age
Connection lost

Rejoining the realm…

Still unreachable

The connection could not be restored.

Session expired

The server has moved on; the page needs a fresh start.